 Dungeon Crawl Stone Soup version 0.25.0-41-g26779e291d (webtiles) character file.

Game seed: 6945971122662622591

26 Aviak the Firebug (level 2, -1/21 HPs)
             Began as a Demonspawn Fire Elementalist on July 10, 2020.
             Slain by Sigmund
             ... wielding a +0 scythe
              (14 damage)
             ... on level 2 of the Dungeon.
             The game lasted 00:01:53 (1433 turns).

Aviak the Firebug (Demonspawn Fire Elementalist)    Turns: 1433, Time: 00:01:54

Health: -1/21      AC:  6    Str:  8    XL:     2   Next: 89%
Magic:  1/5        EV: 11    Int: 16    God:
Gold:   70         SH:  0    Dex: 13    Spells: 4/5 levels left

rFire    . . .     SeeInvis .   k - +0 short sword
rCold    . . .     Gourm    .   (no shield)
rNeg     . . .     Faith    .   l - +0 leather armour
rPois    .         Spirit   .   (no helmet)
rElec    .         Reflect  .   g - +0 cloak
rCorr    .         Harm     .   (no gloves)
MR       .....                  (no boots)
Stlth    +.........             (no amulet)
HPRegen  0.07/turn              (no ring)
MPRegen  0.09/turn              (no ring)

@: confused, mighty
A: slimy green scales 1
a: no special abilities


You were on level 2 of the Dungeon.
You were not hungry.

You visited 1 branch of the dungeon, and saw 2 of its levels.

You collected 70 gold pieces.

Inventory:

Hand Weapons
 k - a +0 short sword (weapon)
Armour
 a - a +0 robe
 g - a +0 cloak (worn)
 j - a +0 ring mail of cold resistance
 l - a +0 leather armour (worn)
Scrolls
 d - a scroll of identify {unknown}
 f - a scroll of magic mapping {unknown}
 m - a scroll of enchant weapon {unknown}
Potions
 b - a potion of curing {unknown}
 e - a potion of ambrosia {unknown}
 h - a potion of flight {unknown}
 i - a potion of might
Comestibles
 c - 4 rations


   Skills:
 + Level 1.1 Fighting
 - Level 1.7 Dodging
 - Level 1.7 Stealth
 + Level 2.3 Spellcasting
 + Level 1.5 Conjurations
 + Level 3.0 Fire Magic


You had 4 spell levels left.
You knew the following spells:

 Your Spells              Type           Power        Failure   Level  Hunger
a - Foxfire               Conj/Fire      #...         12%         1    #......

Your spell library contained the following spells:

 Spells                   Type           Power        Failure   Level  Hunger
 Conjure Flame            Conj/Fire      #.......     34%         3    ###....
 Inner Flame              Hex/Fire       #.......     43%         3    ###....
 Sticky Flame             Conj/Fire      #.......     75%         4    #####..
 Fireball                 Conj/Fire      #.........   97%         5    ######.


Dungeon Overview and Level Annotations

Branches:
Dungeon (2/15)

Altars:

Annotations:
D:2 Sigmund


Innate Abilities, Weirdness & Mutations

You are partially covered in slimy green scales. (AC +2)


Message History

Deactivating autopickup; reactivate with Ctrl-A.
The foxfire hits something. x3; Something hits you but does no damage.
The foxfire hits something.
You aren't carrying any items that you can evoke.
It was a potion of might.
You feel very mighty all of a sudden. Something hits you but does no damage.
You hit something. Something hits you but does no damage.
You closely miss something.
A hobgoblin comes into view. It is wielding a +0 mace.
You hear some strange, mumbled words.
You are confused.
The hobgoblin shouts!
You closely miss something. Something hits you but does no damage.
You're too confused to move!
You completely miss something. Something hits you!
You completely miss something. Something hits you but does no damage.
You hit something. Something hits you!
Ouch! That really hurt!
You die...

# #.# ###...# #####.##
##..## ...##..# #.(.##
##.###.# ###(#...#
#.....###...###..##
###. #####)#...###
#..###.... #÷..#####
#.#...#
#.#(....#####...######
#...###.##.@{g........
#..## #...<###..♣♣♣.!
.........#.## #.♣#
......######.# #.♣
.......# #.. #@♣
.......# ##.. ...
....... ###... #..
..##


You could see a hobgoblin.

Vanquished Creatures
  2 leopard geckos (D:1)
  2 giant cockroaches (D:1)
  A goblin (D:1)
  6 hobgoblins
  3 ball pythons
  2 bats (D:1)
  2 frilled lizards
  4 kobolds
  A rat (D:2)
23 creatures vanquished.

Vanquished Creatures (others)
  60 foxfires
60 creatures vanquished.

Grand Total: 83 creatures vanquished

Notes
Turn   | Place    | Note
-------+----------+-------------------------------------------
     0 | D:1      | Aviak the Demonspawn Fire Elementalist began the quest for
                  | the Orb.
     0 | D:1      | Reached XP level 1. HP: 13/13 MP: 3/3
   164 | D:1      | Gained mutation: You are partially covered in slimy green
                  | scales. (AC +2) [demonic ancestry]
   164 | D:1      | Reached XP level 2. HP: 20/20 MP: 0/5
   739 | D:1      | Reached skill level 1 in Fighting
   741 | D:1      | Reached skill level 3 in Fire Magic
  1411 | D:2      | Noticed Sigmund
  1433 | D:2      | Slain by Sigmund

Illustrated notes

Levels and vault maps discovered:
D:1:      dpeg_arrival_more_subterranean_lakeside_camping, layout_basic
D:2:      layout_rooms, nicolae_overflow_crystal_walls,
          minmay_stone_trees_small, uniq_sigmund, uniq_robin

Skill      XL: |  1  2 |
---------------+-------+-----
Fighting       | 1 |  1.1
Fire Magic     | 3 |  3.0
Dodging        | |  1.7
Stealth        | |  1.7
Spellcasting   | |  2.3
Conjurations   | |  1.5

Action                   || total
-------------------------++-------
Melee: Unarmed           ||    27
       Short sword       ||     6
 Cast: Foxfire           ||    39
  Use: Potion            ||     1
  Eat: Chunk             ||     2
Armor: Robe              ||    12
       Leather armour    ||     5
Dodge: Dodged            ||    37
